Cogmind - Beta 15 @@@ ROGUE MODE // 2025.10.19 @ 18:07:18 Player: Kappa Result: Destroyed self with Grenade Launcher Performance ------------- Evolutions (1) 500 Regions Visited (2) 400 Robots Destroyed (48) 240 Value Destroyed (1123) 1123 Prototype IDs (5) 100 Alien Tech Used (0) 0 Bonus (0) 0 TOTAL SCORE: 2363 Bonus ------- None Cogmind --------- Core Integrity 0/400 Matter 269/300 Energy 45/100 System Corruption 0% Temperature Cool (0) Movement Treading (240) Ox1 Location -9/Materials Parts ------- > --- POWER (1) -------- (None) > --- PROPULSION (2) --- Light Treads > --- UTILITY (4) ------ Large Storage Unit Power Shielding Utility Shielding > --- WEAPON (2) ------- Grenade Launcher > --- INVENTORY (15) --- Ion Engine Ion Engine Aluminum Leg Aluminum Leg Heat Sink Heat Sink Weight Redist. System Structural Scanner Terrain Scanner Seismic Detector Transport Network Coupler Light Armor Plating Peak State ------------ > --- POWER ------------ Cooled Ion Engine > --- PROPULSION ------- Aluminum Leg Aluminum Leg > --- UTILITY ---------- Heat Sink Large Storage Unit Terrain Scan Processor Power Shielding > --- WEAPON ----------- Small Laser Improved Medium Laser > --- INVENTORY -------- Ion Engine Ion Engine Ion Engine Aluminum Leg Aluminum Leg Heat Sink Heat Sink Structural Scanner Terrain Scanner Seismic Detector Transport Network Coupler Small Laser Small Laser Grenade Launcher [Rating: 15] Favorites ----------- Power Ion Engine Engine Ion Engine Propulsion Light Treads Treads Light Treads Leg Aluminum Leg Utility Large Storage Unit Device Improved Terrain Scanner Storage Large Storage Unit Processor Terrain Scan Processor Protection Light Armor Plating Weapon Small Laser Energy Gun Small Laser Ballistic Gun Light Assault Rifle Launcher Grenade Launcher Build | -11 -10 -9 ------- Run | Yrd Mat Mat Slots Evolved 2 | . . 2 Power . | . . . Propulsion . | . . . Utility 2 | . . 2 Weapon . | . . . Parts Attached 41 | 8 6 27 Power 5 | 1 1 3 Engine 5 | 1 1 3 Core . | . . . Reactor . | . . . Propulsion 14 | 2 . 12 Treads 6 | 2 . 4 Leg 8 | . . 8 Wheel . | . . . Hover . | . . . Flight . | . . . Utility 11 | 2 3 6 Device 4 | 1 1 2 Storage 2 | 1 1 . Processor 1 | . . 1 Hackware . | . . . Protection 4 | . 1 3 Artifact . | . . . Weapon 11 | 3 2 6 Energy Gun 9 | 2 2 5 Energy Cannon . | . . . Ballistic Gun 1 | 1 . . Ballistic Cannon . | . . . Launcher 1 | . . 1 Special Weapon . | . . . Impact Weapon . | . . . Slashing Weapon . | . . . Piercing Weapon . | . . . Special Melee Weapon . | . . . Unidentified Prototypes 3 | . . 3 Parts Lost 11 | . 1 10 Power 1 | . . 1 Propulsion 4 | . . 4 Utility 4 | . 1 3 Weapon 2 | . . 2 Highest Loss Streak 4 | . 1 4 To Critical Strikes . | . . . Average Backups 9 | 1 7 13 Power 2 | . 1 3 Propulsion . | . . 1 Utility 4 | . 3 5 Weapon 2 | . 1 3 Tool/Special . | . . . Unused Backups 13 | . 1 12 Power 5 | . . 5 Propulsion . | . . . Utility 6 | . . 6 Weapon 2 | . 1 1 Tool/Special . | . . . Average Slot Usage (%) 97 | . 98 96 Engine 12 | . 14 10 Treads 19 | . 28 7 Leg 5 | . . 13 Device 9 | . 10 7 Storage 12 | . 14 11 Protection 11 | . 2 24 Energy Gun 25 | . 28 21 Peak Build Rating 15 | 9 9 15 Average Rating 9 | 5 8 12 On Entrance 5 | . 9 8 Naked Turns . | . . . Heaviest Build 37 | 13 30 37 Greatest Support 40 | 40 40 40 Greatest Overweight (x) 11 | . . 11 Average Overweight (x) . | . . . Largest Inventory Capacity 15 | 8 15 15 Average Capacity 11 | 7 10 15 Most Carried 15 | 2 13 15 Average Carried 9 | 1 7 13 Final Capacity 15 | 8 15 15 Final Carried 13 | 2 13 12 Class Distribution -------------------- 83% | Mutant 16% | Scavenger-Mutant Dominant Class ---------------- Mutant | -10/Materials Mutant | -9/Materials Resources | -11 -10 -9 ----------- Run | Yrd Mat Mat Matter Collected 600 | 271 39 290 Remotely . | . . . Salvage Created 1501 | 19 569 913 Parts 109 | 4 50 55 Haulers Intercepted 2 | . . 2 Recyclers Shooed . | . . . Parts Field Recycled . | . . . Retrieved Matter . | . . . Parts Self-Destructed . | . . . Prevented . | . . . Kills | -11 -10 -9 ------- Run | Yrd Mat Mat Combat Hostiles Destroyed 41 | . 18 23 Guns 36 | . 18 18 AOE 5 | . . 5 Classes Destroyed 8 | 1 4 3 Worker 2 | . 1 1 Tunneler 1 | 1 . . Hauler 2 | . . 2 Recycler 1 | . 1 . Watcher 1 | . . 1 Swarmer 15 | . 9 6 Grunt 22 | . 9 13 Sentry 4 | . . 4 Best Kill Streak 5 | 1 4 5 Combat Bots Only 5 | . 4 5 Max Kills in Single Turn 2 | 1 2 2 Gunslinging 1 | . 1 1 Exploded 2 | . . 2 Melee . | . . . Uniques/NPCs Destroyed . | . . . Combat | -11 -10 -9 -------- Run | Yrd Mat Mat Hostile Shots Fired 277 | . 84 193 Missed 71 | . 24 47 Hits 206 | . 60 146 Melee 12 | . . 12 Projectile 194 | . 60 134 Critical Strikes 3 | . . 3 Damage Taken 2374 | . 563 1811 Core 500 | . 86 414 Absorbed by Shields . | . . . Redirected to Shielding 72 | . . 72 Core Remaining (%) 82 | 100 65 . Volleys Fired 146 | 1 60 85 Largest 2 | 2 2 2 Hottest 96 | 80 80 96 Shots Fired 284 | 2 120 162 Gun 280 | 2 120 158 Cannon . | . . . Launcher 4 | . . 4 Special . | . . . Kinetic . | . . . Thermal 280 | 2 120 158 Explosive 4 | . . 4 Electromagnetic . | . . . Robot Hit Streak 8 | 1 8 7 Robot Miss Streak 4 | . 4 4 Penetration Max . | . . . Secondary Targets 3 | . 1 2 Max Gunslinging Chain 1 | . 1 1 Shots Hit Robots 167 | 1 65 101 Core Hits 72 | 1 28 43 Critical Kills . | . . . Critical Parts Destroyed . | . . . Critical Strikes 3 | . . 3 Burn 3 | . . 3 Melee Attacks . | . . . Impact . | . . . Slashing . | . . . Piercing . | . . . Sneak Attacks . | . . . Combat Hostiles . | . . . Follow-up Attacks . | . . . Damage Inflicted 2237 | 10 732 1495 Guns 2002 | 10 728 1264 Cannons . | . . . Explosions 230 | . . 230 Melee . | . . . Ramming 5 | . 4 1 Kinetic . | . . . Thermal 2002 | 10 728 1264 Explosive 230 | . . 230 Electromagnetic . | . . . Impact . | . . . Slashing . | . . . Piercing . | . . . Highest Corruption . | . . . Average Corruption . | . . . Corruption Purged . | . . . Corruption Blocked . | . . . Overload Shots . | . . . Overflow Damage . | . . . Projectiles . | . . . Explosions . | . . . Melee . | . . . Knockbacks 1 | . 1 . Impact 1 | . 1 . Kinetic . | . . . Secondary . | . . . Self-Inflicted Damage 79 | . . 79 Shots 3 | . . 3 Rammed 2 | . 1 1 Targets Rammed 3 | . 2 1 Kicked . | . . . Crushed 1 | . 1 . Highest Temperature 357 | 18 297 357 Average Temperature 96 | 12 69 127 Received Heat Transfer 585 | . 168 417 Effects 3 | . . 3 Shutdowns 1 | . . 1 Energy Bleed 1 | . . 1 Short Circuit 1 | . . 1 Siege Activations . | . . . Martial Activations . | . . . Shielding Activations . | . . . Robots Disrupted . | . . . Combat Hostiles . | . . . Robots Corrupted . | . . . Combat Hostiles . | . . . Parts Fried . | . . . Impact Corruptions . | . . . Robots Melted . | . . . Combat Hostiles . | . . . Parts Melted 6 | . 1 5 Heat Transferred 4747 | 25 1650 3072 Parts Sabotaged . | . . . Parts Stolen . | . . . Parts Stripped . | . . . Power Chain Reactions . | . . . Alert | -11 -10 -9 ------- Run | Yrd Mat Mat Maximum Alert Level 1 | . 1 1 Low Security (%) 97 | 100 98 95 Level 1 2 | . 1 4 Level 2 . | . . . Level 3 . | . . . Level 4 . | . . . Level 5 . | . . . High Security . | . . . Max Security . | . . . Peak Influence 254 | 5 204 254 Initial 74 | . . 74 Average 67 | . 59 83 Influence Increases 1194 | 5 459 730 Destroy 0b10 Robot/C 820 | . 360 460 Destroy 0b10 Robot/NC 35 | 5 10 20 Destroy Leader 176 | . 70 106 Successful Hack 8 | . 4 4 Disable Machine 15 | . . 15 Destroy Structure 20 | . . 20 Lose Combat Pursuer 120 | . 15 105 Influence Decreases 949 | 5 282 662 Entered New Map 103 | . . 103 Time Decay 736 | 5 272 459 Lost Part 110 | . 10 100 Squads Dispatched 9 | . 4 5 Investigation 5 | . 2 3 Extermination . | . . . Reinforcement 4 | . 2 2 Assault . | . . . Garrison . | . . . Intercept . | . . . Searches Triggered . | . . . Construction Impeded . | . . . Haulers Reinforced . | . . . Active Scanning Responses . | . . . Cargo Convoy Interrupts . | . . . Stealth | -11 -10 -9 --------- Run | Yrd Mat Mat Distress Signals 1 | . . 1 Communications Jammed . | . . . Distress Signals . | . . . Times Spotted 75 | . 38 37 Peak Tracking Total 6 | . 6 6 Tactical Retreats 6 | . 1 5 Traps | -11 -10 -9 ------- Run | Yrd Mat Mat Traps Triggered 2 | . 1 1 Indirectly . | . . . Trap Hack Attempts . | . . . Triggered . | . . . Disarmed . | . . . Reprogrammed . | . . . Reused . | . . . Traps Extracted . | . . . Installed . | . . . Triggered . | . . . Machines | -11 -10 -9 ---------- Run | Yrd Mat Mat Machines Disabled 1 | . . 1 Max in Single Turn 1 | . . 1 Machines Repaired . | . . . Machines Dismantled . | . . . Machines Sabotaged . | . . . Overloaded Fab Kills . | . . . Hacking | -11 -10 -9 --------- Run | Yrd Mat Mat Machines Accessed 7 | . 4 3 Terminals 4 | . 3 1 Fabricators . | . . . Repair Stations 1 | . . 1 Recycling Units 1 | . 1 . Scanalyzers 1 | . . 1 Garrison Access . | . . . Total Hacks 20 | . 9 11 Successful 12 | . 7 5 Failed 8 | . 2 6 Catastrophic . | . . . Database Lockouts . | . . . Manual . | . . . Terminals 9 | . 6 3 Fabricators . | . . . Repair Stations 3 | . . 3 Recycling Units 3 | . 3 . Scanalyzers 5 | . . 5 Garrison Access . | . . . Terminal Hacks 5 | . 4 1 Prototype ID Bank 1 | . 1 . Emergency Access Points 2 | . 1 1 Alert Level 1 | . 1 . Locate Traps 1 | . 1 . Fabricator Hacks . | . . . Repair Station Hacks . | . . . Recycling Unit Hacks 3 | . 3 . Process 1 | . 1 . Report Inventory 1 | . 1 . Retrieve Matter 1 | . 1 . Scanalyzer 4 | . . 4 Insert Component 2 | . . 2 Analyze 2 | . . 2 Garrison Access Hacks . | . . . Unauthorized Hacks . | . . . Terminals . | . . . Fabricators . | . . . Repair Stations . | . . . Recycling Units . | . . . Scanalyzers . | . . . Garrison Access . | . . . Data Cores Recovered . | . . . Used . | . . . Hacking Detections 5 | . 2 3 Full Trace Events 3 | . 1 2 Feedback Events . | . . . Feedback Blocked . | . . . Robot Schematics Acquired . | . . . Robots Built . | . . . Authchips . | . . . Time . | . . . Total Robot Build Rating . | . . . Part Schematics Acquired 2 | . . 2 Parts Built . | . . . Authchips . | . . . Time . | . . . Total Part Build Rating . | . . . Parts Repaired . | . . . Time . | . . . Parts Recycled . | . . . Recycled Matter 140 | . 140 . Retrieved Matter 340 | . 340 . Retrieved Components . | . . . Parts Scanalyzed 2 | . . 2 Part Schematics Acquired 2 | . . 2 Parts Damaged . | . . . Bothacking | -11 -10 -9 ------------ Run | Yrd Mat Mat Used RIF Installer . | . . . Robots Hacked . | . . . Non-combat . | . . . Combat . | . . . Robot Hacks Applied . | . . . Relay Couplers Released . | . . . Fabnet Peak Effective % . | . . . Robots Rewired . | . . . Allies Hacked . | . . . Hacks Repelled . | . . . Allies | -11 -10 -9 -------- Run | Yrd Mat Mat Total Allies . | . . . Largest Group . | . . . Highest-Rated Group . | . . . Highest-Rated Ally . | . . . Total Orders . | . . . Ally Attacks . | . . . Total Damage . | . . . Kills . | . . . Allies Corrupted . | . . . Allies Melted . | . . . Intel | -11 -10 -9 ------- Run | Yrd Mat Mat Active Infowar (turns) 1440 | 23 1417 . Terrain 1103 | 23 1080 . Structural 337 | . 337 . Robot Analysis Total . | . . . Derelict Logs Recovered . | . . . Drone Launches . | . . . Drone Recoveries . | . . . Exploration | -11 -10 -9 ------------- Run | Yrd Mat Mat Turns Passed 3419 | 112 1936 1371 Spaces Moved 1363 | 69 815 479 Core 18 | 15 . 3 Treads 1064 | 54 815 195 Legs 281 | . . 281 Wheels . | . . . Hover . | . . . Flight . | . . . Fastest Speed 50 | 50 160 160 Average Speed 166 | 136 160 183 Slowest Speed 600 | 160 160 600 Overloaded Moves . | . . . Propulsion Burnouts . | . . . Robots Hopped . | . . . Potential Cave-ins . | . . . Cave-ins Triggered . | . . . Exploration Rate (%) 44 | 4 91 38 Regions Visited 2 Branch Regions . Pre-discovered Areas . | . . . Known Exits Taken . | . . . Unknown Exits Taken 2 | 1 1 . Scrap Searched . | . . . Spaces Dug . | . . . Terrain Destroyed 21 | . . 21 Melee . | . . . Projectile . | . . . AOE 21 | . . 21 Terrain Rammed . | . . . Walls Destroyed . | . . . Machines Disabled . | . . . Actions | -11 -10 -9 --------- Run | Yrd Mat Mat Total 2222 | 82 1328 812 Wait 610 | 3 425 182 Move 1361 | 68 814 479 Hop . | . . . Pick Up 25 | 1 14 10 Fast Attach 22 | 8 1 13 Attach 9 | . 1 8 Detach 5 | 1 1 3 Swap 15 | . 4 11 Drop 26 | . 6 20 Fire 146 | 1 60 85 Melee . | . . . Ram 1 | . . 1 Kick . | . . . Crush 2 | . 2 . Escape Stasis . | . . . Rewire . | . . . Trap . | . . . Miscellaneous . | . . . Route ------- -11/Scrapyard -10/Materials (discovered 5 exits: *Mat x3 / [*Min] / [*Sub]) -9/Materials (discovered 2 exits: [*Mat] / [*Min]) History --------- Turn | Location | Event 7 | -11/Scrapyard | Discovered new exit (range 14) 113 | -11/Scrapyard | Entered Materials 250 | -10/Materials | Discovered new exit (range 16) 304 | -10/Materials | Build established: Mutant 453 | -10/Materials | Discovered new exit (range 15) 1415 | -10/Materials | Discovered new exit (range 4) 1801 | -10/Materials | Discovered new exit (range 8) 1801 | -10/Materials | Discovered new exit (range 7) 2049 | -10/Materials | Entered another Materials area 2049 | -9/Materials | Evolved 2 slots: Utility x2 2253 | -9/Materials | Discovered new exit (range 15) 2781 | -9/Materials | Build established: Scavenger-Mutant 3299 | -9/Materials | Discovered new exit (range 4) 3328 | -9/Materials | Build established: Mutant 3369 | -9/Materials | Core integrity fell below 50% 3412 | -9/Materials | Core integrity fell below 20% 3420 | -9/Materials | Destroyed self with Grenade Launcher Last Messages --------------- 03358_ S-10 Pest suffers critical hit (Burn). 03358_ S-10 Pest destroyed. 03365_ Cld. Ion Engine destroyed. 03371_ Heat Sink melted. 03371_ Y-45 Defender destroyed. 03371_ Switching to secondary target: S-10 Pest. 03380_ K-01 Serf collects debris. 03386_ Imp. Medium Laser severed. 03387_ K-01 Serf collects debris. 03389_ Dropped Lgt. Treads. 03390_ K-01 Serf collects debris. 03392_ Dropped Sml. Laser. 03393_ Sml. Laser destroyed. 03395_ K-01 Serf collects debris. 03396_ K-01 Serf destroyed. 03402_ Lgt. Treads severed. 03410_ Slammed into L-31 Rogue. 03413_ Sml. Laser destroyed. 03418_ Acquired Lgt. Treads. 03418_ Heat Sink destroyed. Map ----- +----------------------------------------------------+ | | | | | | | | | | | | | | | | | | | | | | | | | | | | | | | | | ?????????????????????????????????????????????????? | | ????????????????????#######?######???????????????# | | ?????????????####???# ###!!!!##??????????????# | | ?????????????# ??# ##! !#??????????????# | | ?????????????# !! ?# ## #??????????????# | | ?????????????# ! # ## ################ | | ????????????????? + =# + | | ????????????????????# g s[#= ######## ##### | | ????????????????????# =l%+%=###+#######?# #???# | | ????????????????????# =[=@# ## #?# < #???# | | ????????????????########### ## """ #?# #???# | | ???????????? ## """ #?# ##### | | ???????????? + """ #?# | | ???????????????####### ### #?# | | ?????????????????????# #?# """ #?# | | ?????????????????????+ #?# """ #?######### | | ?????????????????????# ?# """ #?????##### | | ?????????????????????# ?+ #?????# | | ?????????????????????# ?#########??????# "" | | ?????????????????????# ????????????????# ""R | | ?????????????????????# ????????????????# "" | | ?????????????????????+ ????????????????# | | ?????????????????????# ### ????????????????# | | ?????????????????????# #??? ????????????????##### | | ?????????????????????# ???? ????????????????????? | | ?????????????????????#????? ????????????????????? | | ??????????????????????????? ????????????????????? | | ?????????????????????????????????????????????????? | | ?????????????????????????????????????????????????? | | ?????????????????????????????????????????????????? | | ?????????????????????????????????????????????????? | | ?????????????????????????????????????????????????? | | ?????????????????????????????????????????????????? | | ?????????????????????????????????????????????####? | +----------------------------------------------------+ Best States ------------- Heat Dissipation 38 Energy Generation 14 Energy Capacity 280 Matter Stores 300 Matter Capacity 300 Sight Range 16 Terrain Scan Range 16 Terrain Scan Density 10 Armor Coverage 300 Power Shielding 33 Utility Shielding 33 Evasion (%) 50 Recoil Reduction 2 Item Schematics ----------------- Sml. Laser | -9/Materials | Scanalyzed Ion Engine | -9/Materials | Scanalyzed Robot Schematics ------------------ None Fabricated ------------ Nothing Repaired ---------- Nothing Alien Tech Used ----------------- None Achievements -------------- None Challenges ------------ None Game ------ Seed BackupDirtyStrikerail Manual? 0 Play Time 00:28:36 Cumulative 14.4 hours Start 2025.10.19 @ 16:43:11 End 2025.10.19 @ 18:07:18 Sessions 1 Manual Loads 0 Difficulty Rogue Special Mode None Game No. 30 Rogue 30 Adventurer 0 Explorer 0 Win Type - Total 0 Types 0/0/0/0/0/0/0/0/0/0 Lore% 3 Gallery% 19 Achievement% 19 Wizard Run 0 Options --------- Layout 0 ASCII 0 Keyboard 1 Movement Numpad Keybinds 0 Fullscreen 2 Font 20/Terminus Map View 96x60 Zoom Use 0% Tactical HUD 1 Map Filters NONE Filters NONE Steam 1 RUN: 806e67c1-fa4a-4bf0-83a2-598cc621ed8b